 Dungeon Crawl Stone Soup version 0.27-a0-887-gcab673c142 (webtiles) character file.

Game seed: 2187990257528639931

30 Alarkh the Skirmisher (level 3, 27/29 HPs)
             Began as a Demonspawn Fighter on Apr 4, 2021.
             Got out of the dungeon alive.
             The game lasted 00:00:56 (909 turns).

Alarkh the Skirmisher (Demonspawn Fighter)           Turns: 909, Time: 00:00:56

Health: 27/29      AC:  6    Str: 16    XL:     3   Next: 3%
Magic:  3/3        EV:  6    Int: 10    God:
Gold:   34         SH: 12    Dex: 12    Spells: 2/2 levels left

rFire    . . .     SeeInvis .     - Unarmed
rCold    . . .     Faith    .   b - +0 kite shield
rNeg     . . .     Spirit   .   a - +0 scale mail
rPois    .         Reflect  .   (no helmet)
rElec    .         Harm     .   (no cloak)
rCorr    .         Rampage  .   (no gloves)
Will     .....                  (no boots)
Stlth    ..........             (no amulet)
HPRegen  0.09/turn              (no ring)
MPRegen  0.08/turn              (no ring)

@: no status effects
A: large bone plates 1, powered by pain 1
a: no special abilities


You escaped.
You visited 1 branch of the dungeon, and saw 2 of its levels.

You collected 34 gold pieces.

Inventory:

Armour
 a - a +0 scale mail (worn)
 b - a +0 kite shield (worn)
Scrolls
 d - a scroll of identify {unknown}
Potions
 c - a potion of might


   Skills:
 + Level 3.4 Fighting
 - Level 2.6 Armour
 - Level 2.6 Shields
 * Level 2.8 Unarmed Combat


You had 2 spell levels left.
You didn't know any spells.
Your spell library was empty.

Dungeon Overview and Level Annotations

Branches:
Dungeon (2/15)

Altars:

Shops:
D:1 :


Innate Abilities, Weirdness & Mutations

You are partially covered in large bone plates. (SH +4)
You sometimes gain a little power by taking damage.


Message History

The hobgoblin hits you.
You hit the hobgoblin.
You kill the hobgoblin!
You have reached level 3!
Your experience leads to an increase in your attributes!
Increase (S)trength, (I)ntelligence, or (D)exterity?
You feel clever.
Your demonic ancestry asserts itself...
Large bone plates grow over parts of your arms.
You now have 34 gold pieces (gained 4).
A giant cockroach comes into view.
The giant cockroach moves out of view.
A giant cockroach is nearby!
A giant cockroach is nearby!
A giant cockroach is nearby!
You hit the giant cockroach.
The giant cockroach is heavily wounded.
You block the giant cockroach's attack.
The giant cockroach bites you but does no damage.
You hit the giant cockroach.
The giant cockroach is heavily wounded.
You block the giant cockroach's attack.
You hit the giant cockroach but do no damage.
The giant cockroach is heavily wounded.
You block the giant cockroach's attack.
You barely miss the giant cockroach.
The giant cockroach is heavily wounded.
The giant cockroach bites you but does no damage.
The giant cockroach bites you.
You hit the giant cockroach.
The giant cockroach is severely wounded.
The giant cockroach bites you but does no damage.
You hit the giant cockroach.
You kill the giant cockroach!
No target in view!
There is a stone staircase leading up here.
You climb upwards.
There is a stone staircase leading down here.
There is a staircase leading out of the dungeon here.
Are you sure you want to leave the Dungeon?
This will make you lose the game!
You have escaped!

# ##########.####### #
#................#
############.#.######.#####.#
......................# #.#
###.####.....#.....#..# #.#
....#
#....##8###8##.#####.#####
#####
#.....#...................
##....#.....#...#.##.#.###
#....#..@..#.....##.#.#
###..#.....#.....##.#.#
##........#.....#..#.#
##..##8###8##...##)##.#
#######...##.....#....##.##.#
#.....................##.##.#
#.#####..###.##..###..##.##.#
#.######....###..###.##########
#.....###.#.###......#.##.##..#


There were no monsters in sight!

Vanquished Creatures
  An adder (D:2)
  3 endoplasms (D:1)
  A giant cockroach (D:2)
  4 goblins (D:1)
  3 hobgoblins
  3 kobolds (D:1)
  2 bats (D:1)
17 creatures vanquished.

Notes
Turn   | Place    | Note
-------+----------+-------------------------------------------
     0 | D:1      | Alarkh the Demonspawn Fighter began the quest for the Orb.
     0 | D:1      | Reached XP level 1. HP: 18/18 MP: 1/1
   263 | D:1      | Gained mutation: You sometimes gain a little power by
                  | taking damage. [demonic ancestry]
   263 | D:1      | Reached XP level 2. HP: 12/24 MP: 2/2
   520 | D:1      | Found Yloivur's Book Shop.
   832 | D:2      | Gained mutation: You are partially covered in large bone
                  | plates. (SH +4) [demonic ancestry]
   832 | D:2      | Reached XP level 3. HP: 22/29 MP: 3/3
   909 | D:$      | Got out of the dungeon alive.

Illustrated notes

Levels and vault maps discovered:
D:1:      scummos_arrival_simple_crosswalls, layout_loops_ring, serial_shops,
          shop, minmay_misc_feat_rugged, minmay_misc_feat_rows,
          corexii_leaking_fountain
D:2:      layout_rooms

Skill      XL: |  1 |
---------------+----+-----
Unarmed Combat | 2 |  2.8
Fighting       | |  3.4
Armour         | |  2.6
Shields        | |  2.6

Action                   || total
-------------------------++-------
Melee: Unarmed           ||   103
Armor: Scale mail        ||    47
Dodge: Dodged            ||    25
Block: Kite shield       ||    44

Table legend: (Time is in decaauts)
 A = Elapsed time spent in this place.
 B = Non-inter-level travel time spent in this place.
 C = Inter-level travel time spent in this place.
 D = Time resting spent in this place.
 E = Time spent auto-exploring this place.
 F = Levels seen in this place.
 G = Mean time per level.
                   A        B        C        D        E       F      G
               +--------+--------+--------+--------+--------+-----+--------+
         Total |    931 |    873 |     58 |      0 |    685 |   2 |  465.5 |
       Dungeon |    931 |    873 |     58 |      0 |    685 |   2 |  465.5 |
               +--------+--------+--------+--------+--------+-----+--------+

Top non-repeatable levels by time:
     D:1: 835 daAuts
     D:2: 96 daAuts
